 Dungeon Crawl Stone Soup version 0.27.0-66-gdc8fb28755 (webtiles) character file.

Game seed: 7976104968406354224

79144 Malachi the Imperceptible (level 15, -6/77 (90) HPs)
             Began as a Vampire Enchanter on Aug 20, 2021.
             Was the Champion of Ru.
             Mangled by an entropy weaver simulacrum (25 damage)
             ... in an ice cave.
             The game lasted 01:20:41 (21965 turns).

Malachi the Imperceptible (Vampire Enchanter)      Turns: 21965, Time: 01:20:42

HP:   -6/77 (90)    AC: 17    Str:  2    XL:     15   Next: 20%
MP:   16/22         EV: 19    Int: 25    God:    Ru [******]
Gold: 1967          SH:  0    Dex: 18    Spells: 15/23 levels left

rFire    + . .     SeeInvis +   c - +1 dagger (protect)
rCold    . . .     Faith    .   (no shield)
rNeg     . . .     Spirit   .   o - +0 troll leather armour
rPois    +         Reflect  .   (no helmet)
rElec    +         Harm     .   n - +2 cloak
rCorr    .         Rampage  .   D - +0 pair of gloves
Will     +....                  A - +1 pair of boots of Amafeot {rF+ Regen+}
Stlth    +++++++++.             w - amulet of magic regeneration
HPRegen  2.42/turn              r - ring "Garab" {rElec rPois EV+4 Str-5}
MPRegen  0.43/turn              Q - ring "Ukygiloy" {Fly Dex+4}

@: exhausted, unable to drink, unable to read, under a protective aura, flying,
healing quickly, studying Conjurations, heavily drained
A: no potions, alive, fangs 3, see invisible, inability to drink while
threatened, inability to read while threatened, inability to use devices,
unskilled 1, vampiric 2
a: Exsanguinate, Renounce Religion, Draw Out Power, Power Leap, Apocalypse


You were in an ice cave.
You worshipped Ru.
Ru was exalted by your worship.
You visited 4 branches of the dungeon, and saw 21 of its levels.
You also visited: Ice Cave.

You collected 2788 gold pieces.
You spent 821 gold pieces at shops.

Inventory:

Hand Weapons
 c - a +1 dagger of protection (weapon)
Armour
 d - the +3 salamander hide armour {Flames rF++ rC--}
   (You bought it in a shop on level 2 of the Orcish Mines)

   It surrounds you with a cloud of flames.
   It grants immunity to clouds of flame.
   It enhances your fire magic.
   rF:        It greatly protects you from fire.
   rC:        It makes you very vulnerable to cold.
 n - a +2 cloak (worn)
 o - a +0 troll leather armour (worn)
 A - the +1 pair of boots of Amafeot (worn) {rF+ Regen+}
   (You found it on level 7 of the Dungeon)

   rF:        It protects you from fire.
   Regen:     It increases your rate of health regeneration.
 D - a +0 pair of gloves (worn)
Magical Staves
 x - a staff of cold
Jewellery
 p - the amulet "Oschutumi" {Reflect rPois rC- Regen+ rCorr Slay-2 SH+5}
   (You bought it in a shop on level 2 of the Orcish Mines)

   [amulet of reflection]

   It reflects blocked missile attacks.
   Slay:      It affects your accuracy & damage with ranged weapons and melee
   (-2).
   rC:        It makes you vulnerable to cold.
   rPois:     It protects you from poison.
   Regen:     It increases your rate of health regeneration.
   rCorr:     It protects you from acid and corrosion.
   SH:        It affects your SH (+5).
 r - the ring "Garab" (left hand) {rElec rPois EV+4 Str-5}
   (You found it on level 5 of the Dungeon)

   [ring of evasion]

   EV:        It affects your evasion (+4).
   Str:       It affects your strength (-5).
   rElec:     It insulates you from electricity.
   rPois:     It protects you from poison.
 w - an amulet of magic regeneration (around neck)
 G - the ring of Dawn {rN+ MP+9 SInv}
   (You acquired it on level 1 of the Lair of Beasts)

   [ring of magical power]

   rN:        It protects you from negative energy.
   MP:        It affects your magic capacity (+9).
   SInv:      It lets you see invisible.
 Q - the ring "Ukygiloy" (right hand) {Fly Dex+4}
   (You found it on level 6 of the Lair of Beasts)

   [ring of flight]

   Dex:       It affects your dexterity (+4).
   Fly:       It grants you flight.
Scrolls
 f - 6 scrolls of teleportation
 l - 3 scrolls of fear
 m - 6 scrolls of enchant weapon
 u - a scroll of amnesia
 v - 5 scrolls of enchant armour
 K - a scroll of magic mapping
 L - a scroll of silence
 M - a scroll of blinking
 N - 2 scrolls of fog
 S - 5 scrolls of identify
Potions
 a - 2 potions of resistance
 b - 4 potions of heal wounds
 e - 3 potions of berserk rage
 g - 6 potions of curing
 h - a potion of magic
 i - 2 potions of attraction
 j - 4 potions of might
 t - 2 potions of cancellation
 E - 3 potions of lignification
 H - 2 potions of brilliance
 I - a potion of mutation


   Skills:
 - Level 9.1 Short Blades
 - Level 10.5 Dodging
 * Level 25.2 Stealth
 - Level 4.8 Spellcasting
 + Level 13.0 Hexes
 - Level 4.9 Ice Magic


You had 15 spell levels left.
You knew the following spells:

 Your Spells              Type           Power      Damage    Failure   Level
b - Ensorcelled Hibernat  Hex/Ice        100%       N/A       1%          2
c - Confusing Touch       Hex            63%        N/A       1%          3
d - Tukima's Dance        Hex            63%        N/A       1%          3

Your spell library contained the following spells:

 Spells                   Type           Power      Damage    Failure   Level
 Corona                   Hex            70%        N/A       1%          1
 Slow                     Hex            63%        N/A       1%          2
 Freeze                   Ice            100%       1d11      2%          1
 Dazzling Flash           Conj/Hex       76%        N/A       4%          3
 Frozen Ramparts          Ice            60%        1d8       8%          3
 Static Discharge         Conj/Air       6%         N/A       28%         2
 Conjure Flame            Conj/Fire      6%         6-21      50%         3
 Gell's Gravitas          Tloc           3%         N/A       50%         3
 Ignite Poison            Fire/Tmut/Pois 6%         N/A       50%         3
 Lesser Beckoning         Tloc           3%         N/A       50%         3
 Spider Form              Tmut/Pois      3%         N/A       50%         3
 Teleport Other           Tloc           6%         N/A       50%         3
 Vampiric Draining        Necr           3%         2d6       50%         3
 Hailstorm                Conj/Ice       18%        3d6       56%         4
 Petrify                  Tmut/Erth      6%         N/A       88%         4
 Sticky Flame             Conj/Fire      6%         2d3       88%         4
 Freezing Cloud           Conj/Ice/Air   7%         6-21      95%         5
 Fireball                 Conj/Fire      3%         3d4       99%         5
 Irradiate                Conj/Tmut      3%         3d15      99%         5
 Iskenderun's Battlesphe  Conj           6%         2d6       99%         5
 Lightning Bolt           Conj/Air       3%         1d14      99%         5
 Conjure Ball Lightning   Conj/Air       3%         3x3d6     100%        6
 Iron Shot                Conj/Erth      3%         9d2       100%        6
 Shadow Creatures         Summ           N/A        N/A       100%        6
 Simulacrum               Ice/Necr       9%         N/A       100%        6
 Orb of Destruction       Conj           3%         9d1       100%        7
 Spellforged Servitor     Conj/Summ      3%         N/A       100%        7
 Maxwell's Capacitive Co  Air            3%         ∞         100%        8
 Polar Vortex             Ice            15%        N/A       100%        9
 Sublimation of Blood     Necr           Unusable   N/A       N/A         2

Dungeon Overview and Level Annotations

Branches:
Dungeon (12/15)            Temple (1/1) D:4            Lair (6/6) D:8
  Swamp (0/4) Lair:4        Snake (0/4) Lair:2        Slime (0/5) Lair:6
    Orc (2/2) D:9             Elf (0/3) Orc:2         IceCv (1/1)

Altars:
Ashenzari
Cheibriados
Dithmenos
Elyvilon
Fedhas
Gozag
Hepliaklqana
Kikubaaqudgha
Makhleb
Nemelex Xobeh
Okawaru
Qazlal
Ru
Sif Muna
Trog
Uskayaw
Vehumet
Wu Jian
Xom
Yredelemnul
Zin
The Shining One

Shops:
D:1 (   D:4 *   Orc:2 =*:[:*[*

Annotations:
D:6 2 transporters, moritonal's ghost, amateur TrFi
Lair:4 exclusion: 3 oklob plants


Innate Abilities, Weirdness & Mutations

You cannot drink.
Your natural rate of healing is accelerated.
You have razor-sharp teeth.
You have supernaturally acute eyesight. (SInv)
You sometimes lose the ability to drink potions when taking damage.
You sometimes lose the ability to read scrolls when taking damage.
You cannot study or use magical devices.
You are somewhat unskilled. (-1 Apt)
You are afflicted with vampirism and can become a bat while bloodless.


Message History

The harpy simulacrum claws you. The harpy simulacrum freezes you!!
You feel threatened and lose the ability to read scrolls!
You feel threatened and lose the ability to drink potions!
You are too injured to fight recklessly!
You are too injured to fight recklessly!
You are too injured to fight recklessly!
Unknown command.
You hit the entropy weaver simulacrum.
You bite the entropy weaver simulacrum, but do no damage.
The entropy weaver simulacrum is lightly damaged.
You hit the entropy weaver simulacrum.
The entropy weaver simulacrum is lightly damaged.
The harpy simulacrum claws the entropy weaver simulacrum!
The harpy simulacrum freezes the entropy weaver simulacrum.
The entropy weaver simulacrum completely resists.
The harpy simulacrum claws the entropy weaver simulacrum.
The harpy simulacrum freezes the entropy weaver simulacrum.
The entropy weaver simulacrum completely resists.
The entropy weaver simulacrum hits you but does no damage. x2
The entropy weaver simulacrum misses you.
The entropy weaver simulacrum barely misses you.
You strike the helpless entropy weaver simulacrum from behind!
You perforate the entropy weaver simulacrum like a sieve!!!
The entropy weaver simulacrum vaporises!
The harpy simulacrum claws the entropy weaver simulacrum!
The harpy simulacrum freezes the entropy weaver simulacrum.
The entropy weaver simulacrum completely resists.
The harpy simulacrum claws the entropy weaver simulacrum.
The harpy simulacrum freezes the entropy weaver simulacrum.
The entropy weaver simulacrum completely resists.
The harpy simulacrum closely misses you.
The harpy simulacrum misses you. The harpy simulacrum claws you.
The harpy simulacrum freezes you!
You focus your inner power and illuminate the harpy simulacrum in retribution!
The harpy simulacrum closely misses you.
The entropy weaver simulacrum closely misses you.
The entropy weaver simulacrum hits you.
* * * LOW HITPOINT WARNING * * *
The entropy weaver simulacrum freezes you!!
You die...

####
##.#..##
#$.....#
#.⌠.##.##
#Z. #ZZ# ##
##@# ##..#
##...###
#...#..#
#...#.##
#..###.##
#...###.≈#
#...###≈≈≈##
#..# #≈≈≈≈#


You could see a harpy simulacrum (confused, corona) and an entropy weaver
simulacrum.

Vanquished Creatures
  Snorg (Orc:1)
  An ettin (D:11)
  2 fire dragons (D:11)
  3 boulder beetles (D:11)
  11 hydras
  5 two-headed ogres
  A deep troll earth mage (D:11)
  3 orc high priests (Orc:2)
  6 death yaks (Lair:5)
  Sonja (Lair:1)
  A goliath frog (Lair:6)
  A deep elf pyromancer (D:8)
  Pikel (D:4)
  6 orc knights (Orc:2)
  An ugly thing (D:11)
  3 cyclopes (D:11)
  3 orc sorcerers (Orc:2)
  3 manticores (D:11)
  12 elephants
  4 centaur zombies
  5 black mambas
  A torpor snail (Lair:5)
  A molten gargoyle (Lair:6)
  2 gargoyles (D:11)
  4 rime drakes
  23 cane toads
  8 komodo dragons
  A freezing wraith (D:11)
  An entropy weaver simulacrum (IceCv)
  An efreet (D:11)
  5 trolls
  A jumping spider (shapeshifter) (D:11)
  A polar bear (Lair:6)
  6 slime creatures
  2 hornets
  3 tyrant leeches (Lair:6)
  26 blink frogs
  A meliai zombie (D:10)
  Sigmund (D:2)
  2 shadows (D:11)
  A vampire (D:11)
  2 dire elephant simulacra (IceCv)
  A fire elemental (Lair:6)
  3 wraiths
  4 wyverns
  A human (D:9)
  51 yaks
  5 basilisks
  A death yak simulacrum (IceCv)
  Grum (D:10)
  11 vampire mosquitoes
  Menkaure (D:5)
  A steam dragon (D:8)
  A warg (Orc:2)
  11 water moccasins
  An acid dragon (D:9)
  Duvessa (D:5)
  3 sky beasts
  2 black bears
  17 orc warriors
  2 necrophages
  6 centaurs
  23 wolves
  3 ogres
  A phantom (D:6)
  2 kobold brigands
  2 lemures (D:4)
  19 bullfrogs
  A gnoll sergeant (D:11)
  Dowan (D:5)
  3 scorpions
  3 two-headed ogre simulacra (IceCv)
  A killer bee (D:11)
  3 elephant simulacra (IceCv)
  9 wights
  8 electric eels
  6 howler monkeys
  5 jellies
  4 hounds
  13 orc priests
  Crazy Yiuf (D:4)
  A bullfrog skeleton (D:5)
  2 centaur skeletons (D:7)
  17 orc wizards
  5 hell rats (Lair:6)
  2 polar bear simulacra (IceCv)
  7 spriggan simulacra (IceCv)
  A wolf simulacrum (IceCv)
  2 killer bee zombies
  3 troll simulacra (IceCv)
  A hound skeleton (D:5)
  A howler monkey zombie (D:6)
  3 gnolls (D:11)
  A howler monkey skeleton (D:7)
  9 adders
  6 naga simulacra (IceCv)
  8 river rats (Lair:6)
  5 white imps
  6 ufetubi (IceCv)
  2 worms
  3 dart slugs
  43 orcs
  10 bats
  6 endoplasms
  3 giant cockroaches
  6 goblins
  3 hobgoblins
  3 jackals
  3 quokkas
  7 ball pythons
  5 frilled lizards
  16 kobolds
  10 rats
599 creatures vanquished.

Vanquished Creatures (others)
  An orc sorcerer (Orc:2)
  An orc wizard (D:9)
  A hell rat (Lair:6)
  5 orcs
  An endoplasm (Lair:6)
  53 fungi
  112 plants
174 creatures vanquished.

Grand Total: 773 creatures vanquished

Notes
Turn   | Place    | Note
-------+----------+-------------------------------------------
     0 | D:1      | Malachi the Vampire Enchanter began the quest for the Orb.
     0 | D:1      | Reached XP level 1. HP: 13/13 MP: 3/3
    59 | D:1      | Found Cafaf's Weapon Shop.
    78 | D:1      | Reached skill level 5 in Stealth
   102 | D:1      | Reached XP level 2. HP: 15/15 MP: 5/5
   175 | D:1      | Reached skill level 6 in Stealth
   210 | D:1      | Learned a level 2 spell: Ensorcelled Hibernation
   512 | D:1      | Gained mutation: You are afflicted with vampirism and can
                  | become a bat while bloodless. [Vampire growth]
   512 | D:1      | Reached XP level 3. HP: 19/19 MP: 3/6
   955 | D:2      | Learned a level 3 spell: Confusing Touch
  1000 | D:2      | Noticed Sigmund
  1318 | D:2      | Reached skill level 1 in Ice Magic
  1528 | D:2      | Reached skill level 5 in Hexes
  1651 | D:2      | Reached XP level 4. HP: 10/24 MP: 0/7
  1821 | D:2      | Found a faded altar of an unknown god.
  2832 | D:4      | Reached XP level 5. HP: 28/28 MP: 8/8
  3044 | D:4      | Found a runed translucent door.
  3045 | D:4      | Noticed Crazy Yiuf
  3092 | D:4      | Found Zaossut's General Store.
  3095 | D:4      | Found Titaidei's Specific Store.
  3157 | D:4      | Noticed a lemure
  3158 | D:4      | Noticed a lemure
  3159 | D:4      | Noticed Pikel
  3181 | D:4      | Killed a lemure
  3411 | D:4      | Found a staircase to the Ecumenical Temple.
  3411 | D:4      | Noticed a lemure
  3471 | D:4      | Killed a lemure
  3510 | D:4      | Killed Pikel
  3511 | D:4      | Reached XP level 6. HP: 27/32 MP: 4/9
  3511 | D:4      | Reached XP level 7. HP: 30/36 MP: 4/10
  3869 | D:4      | Killed Crazy Yiuf
  3963 | D:2      | Killed Sigmund
  3964 | D:2      | Reached skill level 5 in Ice Magic
  4024 | D:3      | Learned a level 3 spell: Tukima's Dance
  4037 | D:5      | Entered Level 5 of the Dungeon
  4158 | D:5      | Reached skill level 7 in Stealth
  4168 | D:5      | Identified the ring "Garab" {rElec rPois EV+4 Str-5}
  4244 | Temple   | Entered the Ecumenical Temple
  4394 | Temple   | Became a worshipper of Ru the Awakened
  4439 | D:5      | Noticed Menkaure
  4443 | D:5      | Killed Menkaure
  4485 | D:5      | Reached skill level 8 in Stealth
  4485 | D:5      | Reached XP level 8. HP: 41/41 MP: 8/11
  4532 | D:5      | Noticed Dowan
  4535 | D:5      | Noticed Duvessa
  4557 | D:5      | Killed Duvessa
  4661 | D:5      | Reached skill level 9 in Stealth
  4743 | D:5      | Killed Dowan
  5203 | D:5      | Reached skill level 10 in Stealth
  5539 | D:6      | Reached skill level 11 in Stealth
  5648 | D:6      | Noticed moritonal's ghost (amateur TrFi)
  5649 | D:6      | Found a transporter.
  5649 | D:6      | Identified the +9 great mace of the Heavens {freeze, Fly
                  | rC+++ Str-3 SInv}
  5649 | D:6      | Noticed a two-headed ogre
  5785 | D:6      | Noticed a troll
  5791 | D:6      | Killed a troll
  5792 | D:6      | Reached XP level 9. HP: 45/45 MP: 10/14
  5891 | D:6      | Reached skill level 12 in Stealth
  5949 | D:6      | Found a transporter.
  6138 | D:6      | Found a hazy altar of Hepliaklqana.
  6216 | D:6      | Gained mutation: You sometimes lose the ability to read
                  | scrolls when taking damage. [Ru sacrifice]
  6216 | D:6      | Reached * piety under Ru
  6915 | D:7      | Reached skill level 13 in Stealth
  7405 | D:7      | Identified the +1 pair of boots of Amafeot {rF+ Regen+}
  7451 | D:7      | Reached skill level 14 in Stealth
  7465 | D:7      | Reached skill level 5 in Spellcasting
  7715 | D:8      | Found a bloodstained altar of Trog.
  7812 | D:8      | Reached skill level 15 in Stealth
  7812 | D:8      | Reached XP level 10. HP: 56/63 MP: 15/17
  8008 | D:8      | Noticed a two-headed ogre
  8014 | D:8      | Killed a two-headed ogre
  8015 | D:8      | Reached skill level 16 in Stealth
  8257 | D:8      | Found a staircase to the Lair.
  8318 | D:8      | Noticed a deep elf pyromancer
  8321 | D:8      | Killed a deep elf pyromancer
  8322 | D:8      | Reached skill level 17 in Stealth
  8384 | D:8      | Identified a scroll of acquirement
  8384 | D:8      | Acquired 698 gold pieces
  8626 | D:9      | Reached skill level 18 in Stealth
  8646 | D:9      | Noticed a two-headed ogre
  8651 | D:9      | Killed a two-headed ogre
  8894 | D:9      | Reached skill level 19 in Stealth
  9118 | D:9      | Reached XP level 11. HP: 68/68 MP: 14/18
  9136 | D:9      | Found a staircase to the Orcish Mines.
  9421 | Lair:1   | Entered Level 1 of the Lair of Beasts
  9441 | Lair:1   | Noticed a six-headed hydra
  9454 | Lair:1   | Killed a six-headed hydra
  9602 | Lair:1   | Noticed an eight-headed hydra
  9611 | Lair:1   | Killed an eight-headed hydra
  9612 | Lair:1   | Reached skill level 20 in Stealth
  9804 | Lair:1   | Reached skill level 21 in Stealth
  9924 | Lair:1   | Noticed Sonja
  9935 | Lair:1   | Killed Sonja
 10252 | Lair:1   | Acquired the ring of Dawn {rN+ MP+9 SInv}
 10364 | Lair:2   | Found a staircase to the Snake Pit.
 10394 | Lair:2   | Reached skill level 22 in Stealth
 10644 | Lair:2   | Noticed a five-headed hydra
 10657 | Lair:2   | Killed a five-headed hydra
 10765 | Lair:2   | Reached XP level 12. HP: 74/74 MP: 19/19
 10795 | Lair:2   | Reached skill level 23 in Stealth
 11370 | D:4      | Bought a potion of heal wounds for 50 gold pieces
 11374 | D:4      | Bought a potion of curing for 33 gold pieces
 11374 | D:4      | Bought a scroll of fear for 38 gold pieces
 11374 | D:4      | Bought a scroll of identify for 22 gold pieces
 11678 | Lair:3   | Gained mutation: You cannot study or use magical devices.
                  | [Ru sacrifice]
 11678 | Lair:3   | Reached ** piety under Ru
 11678 | Lair:3   | Reached *** piety under Ru
 11704 | Lair:3   | Noticed a four-headed hydra
 11718 | Lair:3   | Killed a four-headed hydra
 11846 | Lair:3   | Noticed a five-headed hydra
 11985 | Lair:3   | Reached skill level 24 in Stealth
 12001 | Lair:3   | Killed a five-headed hydra
 12321 | Lair:3   | Noticed an eight-headed hydra
 12340 | Lair:3   | Killed an eight-headed hydra
 12815 | Lair:4   | Reached skill level 25 in Stealth
 12953 | Lair:4   | Found a staircase to the Swamp.
 13366 | Lair:4   | Noticed a seven-headed hydra
 13400 | Lair:4   | Killed a seven-headed hydra
 13831 | Lair:5   | Reached XP level 13. HP: 79/79 MP: 18/20
 13889 | Lair:5   | Reached skill level 26 in Stealth
 13940 | Lair:5   | Gained mutation: You sometimes lose the ability to drink
                  | potions when taking damage. [Ru sacrifice]
 13940 | Lair:5   | Reached **** piety under Ru
 13940 | Lair:5   | Reached ***** piety under Ru
 14846 | Lair:5   | Reached skill level 27 in Stealth
 15032 | Lair:6   | Entered Level 6 of the Lair of Beasts
 15056 | Lair:6   | Reached skill level 5 in Short Blades
 15101 | Lair:6   | Found a blossoming altar of Fedhas.
 15323 | Lair:6   | Reached skill level 5 in Dodging
 15416 | Lair:6   | Reached skill level 10 in Hexes
 15769 | Lair:6   | Found the +18 shield of the Gong {rElec rN+ Will+ EV-5}
 15925 | Lair:6   | Identified the ring "Ukygiloy" {Fly Dex+4}
 16015 | Lair:6   | Reached XP level 14. HP: 84/85 MP: 17/21
 16489 | Lair:6   | Found a staircase to the Slime Pits.
 17218 | Orc:1    | Entered Level 1 of the Orcish Mines
 17514 | Orc:1    | Noticed Snorg
 17528 | Orc:1    | Killed Snorg
 17780 | Orc:2    | Entered Level 2 of the Orcish Mines
 17787 | Orc:2    | Found a staircase to the Elven Halls.
 17915 | Orc:2    | Found Elampuc's Armour Shoppe.
 17933 | Orc:2    | Bought the +3 salamander hide armour {Flames rF++ rC--} for
                  | 483 gold pieces
 17933 | Orc:2    | Found the +3 salamander hide armour {Flames rF++ rC--}
 17955 | Orc:2    | Found Xopy's Self-Improvement Boutique.
 17963 | Orc:2    | Found Azuasmop's Mayhem Merchandise.
 18078 | Orc:2    | Found Gousaddo's Jewellery Shop.
 18430 | Orc:2    | Found Bolent's Assorted Antiques.
 18692 | Orc:2    | Found Yqaylar's Book Shop.
 18693 | Orc:2    | Found Ipukaeth's Armour Emporium.
 18693 | Orc:2    | Found Ukybaeq's Assorted Antiques.
 18704 | Orc:2    | Reached skill level 10 in Short Blades
 18733 | Orc:2    | Bought a shimmering ruby amulet for 195 gold pieces
 18733 | Orc:2    | Identified the amulet "Oschutumi" {Reflect rPois rC- Regen+
                  | rCorr Slay-2 SH+5} (You bought it in a shop on level 2 of
                  | the Orcish Mines)
 19036 | D:10     | Entered Level 10 of the Dungeon
 19081 | D:10     | Noticed Grum
 19106 | D:10     | Killed Grum
 19257 | D:10     | Reached skill level 10 in Dodging
 20435 | D:11     | Reached XP level 15. HP: 70/90 MP: 18/22
 21164 | D:11     | Found a shimmering altar of Xom.
 21166 | D:11     | Found an ornate altar of the Wu Jian Council.
 21168 | D:11     | Found an opulent altar of Gozag.
 21168 | D:11     | Found a blossoming altar of Fedhas.
 21310 | D:12     | Found a frozen archway.
 21389 | IceCv    | Entered an ice cave
 21775 | IceCv    | Gained mutation: You are somewhat unskilled. (-1 Apt) [Ru
                  | sacrifice]
 21775 | IceCv    | Reduced skill Dodging to level 10
 21775 | IceCv    | Reduced skill Stealth to level 25
 21775 | IceCv    | Reached ****** piety under Ru
 21965 | IceCv    | Mangled by an entropy weaver simulacrum

Illustrated notes

Levels and vault maps discovered:
D:1:      saegor_arrival_miasma, layout_basic, serial_shops, shop,
          dk_noncrumbling_2, nrook_mini_backslash,
          hangedman_abyss_or_decor_lesser_grid
D:2:      layout_basic, ebering_ecumenical_altar_sacrificial,
          hangedman_decor_peaks_small, minivault_24, columned_hall_lemuel,
          minmay_quadrilaterals, uniq_sigmund
D:3:      kennysheep_big_flooded_room, layout_basic, minmay_cupped
D:4:      layout_loops_ring, minmay_temple_entry_proselytizer,
          nicolae_specific_store, uniq_pikel, uniq_crazy_yiuf_cottage
D:5:      layout_gridville, uniq_menkaure, uniq_duvessa
D:6:      minmay_spotlight, layout_cave_pools, mainiacjoe_overflow_brackets,
          gammafunk_ghost_smash, kennysheep_generic_room_9
D:7:      minmay_bubble_buster, layout_loops_ring
D:8:      layout_cave_pools, nicolae_overflow_hidden_temple,
          david_lair_shrubbed, guppyfry_early_elven_hall
D:9:      layout_basic, erik_orc_4, hive_lemuel
D:10:     layout_loops_ring, grunt_ministairs_9, serial_bayou_ford_a,
          chequers_big_river, uniq_grum
D:11:     minmay_complete_graph, layout_irregular_city, doesnt_xom_only_xom,
          uniq_erolcha
D:12:     layout_grid_maze, portal_ice_cave_entry_pillars_1, uniq_nessos
Temple:   regret_index_temple_chain_breaker
Lair:1:   layout_roguey, uniq_sonja
Lair:2:   layout_cave_pods, dummy_snake_entry
Lair:3:   layout_cave_pods, grunt_megastairs_4, serial_bayou_shore_b
Lair:4:   layout_cave_pods, swamp_mist, chequers_serial_rivers_micro_d,
          chequers_serial_rivers_small_b, minmay_lair_oklob_chamber
Lair:5:   layout_big_grid, st_stairs_8, disabler_island
Lair:6:   minmay_lair_end_frog_pond, layout_gridlike,
          nicolae_slime_entry_slimehenge, basic_altar,
          kennysheep_abandoned_house
Orc:1:    layout_caves, uniq_snorg
Orc:2:    st_orc_elflike, layout_caves, serial_shops, shop_fountains,
          nicolae_shop_waterfront, minmay_shop_mayhem, nicolae_shop_self_help
IceCv:    ice_cave_caverns_01

Skill      XL: |  1  2  3  4  5  6  7  8  9 10 11 12 13 14 15 |
---------------+----------------------------------------------+-----
Stealth        | 5 6 8 11 15 19 22 25 27 25 | 25.2
Ice Magic      | 1 2 4 5 4 |  4.9
Hexes          | 5 8 9 10 13 13 | 13.0
Short Blades   | 2 4 6 10 9 |  9.1
Spellcasting   | 3 5 4 |  4.8
Dodging        | 7 10 10 | 10.5

Action                   |  1- 3 |  4- 6 |  7- 9 | 10-12 | 13-15 || total
-------------------------+-------+-------+-------+-------+-------++-------
Melee: Dagger            |    70 |    35 |   250 |   386 |  1068 ||  1809
       Bite              |     3 |       |    17 |    22 |    95 ||   137
 Cast: Corona            |     2 |       |     1 |       |       ||     3
       Ensorcelled Hiber |    16 |    19 |    43 |   176 |   301 ||   555
       Confusing Touch   |       |       |    24 |     8 |    92 ||   124
Invok: Sacrifice Words   |       |       |     1 |       |       ||     1
       Sacrifice Artific |       |       |       |     1 |       ||     1
       Sacrifice Drink   |       |       |       |       |     1 ||     1
       Reject Sacrifices |       |       |       |       |     1 ||     1
       Apocalypse        |       |       |       |       |     4 ||     4
       Sacrifice Skill   |       |       |       |       |     1 ||     1
 Abil: Exsanguinate      |     1 |       |       |       |       ||     1
       Revivify          |       |       |     1 |       |       ||     1
  Use: Scroll            |     2 |     3 |     4 |    14 |     1 ||    24
 Stab: Sleeping          |    40 |    26 |    49 |   120 |   169 ||   404
       Confused          |       |       |    22 |     9 |    86 ||   117
       Distracted        |       |       |       |     4 |    12 ||    16
       Invisible         |       |       |       |       |    14 ||    14
       Paralysed         |       |       |       |       |     1 ||     1
Armor: Robe              |    17 |     6 |    82 |    13 |       ||   118
       Troll leather arm |       |       |       |   130 |   299 ||   429
       Leather armour    |       |       |       |       |     2 ||     2
Dodge: Dodged            |    32 |     8 |   170 |   278 |   793 ||  1281
